 Dungeon Crawl Stone Soup version 0.20-a0-1089-g3fde505 (webtiles) character file.

3257 JeffiDaFish the Thaumaturge (level 9, -3/44 HPs)
             Began as a Spriggan Enchanter on May 2, 2017.
             Was a Follower of Vehumet.
             Killed by divine providence
             ... invoked by an orc priest
              (11 damage)
             ... on level 8 of the Dungeon.
             The game lasted 00:34:36 (9039 turns).

JeffiDaFish the Thaumaturge (Spriggan Enchanter)    Turns: 9039, Time: 00:34:37

Health: -3/44      AC:  4    Str:  4    XL:     9   Next: 67%
Magic:  14/22      EV: 26    Int: 20    God:    Vehumet [*.....]
Gold:   523        SH:  0    Dex: 28    Spells: 12/25 levels left

rFire    + . .     SeeInvis +   y - +8 long sword "Lahi" {speed, Dex+10}
rCold    + . .     Gourm    .   (shield restricted)
rNeg     + . .     Faith    .   i - +2 robe {rC+ rF+}
rPois    .         Spirit   .   (helmet restricted)
rElec    .         Reflect  .   (no cloak)
rCorr    .         Harm     .   (gloves unavailable)
MR       +....     Rnd*Rage +   (boots unavailable)
Stlth    +++++.....             e - amulet of magic regeneration
Regen    0.2/turn               j - ring of positive energy
MPRegen  0.3/turn               (no ring)

@: slowed, quick
A: unfitting armour, see invisible, berserk 2, clever 1, herbivore 3, speed 3,
slow metabolism 2
a: Renounce Religion


You were on level 8 of the Dungeon.
You worshipped Vehumet.
Vehumet was aware of your devotion.
You were very hungry.

You visited 2 branches of the dungeon, and saw 9 of its levels.

You collected 523 gold pieces.

Inventory:

Hand Weapons
 u - a +0 rapier
 y - the +8 long sword "Lahi" (weapon) {speed, Dex+10}
   (You found it on level 8 of the Dungeon)

   Attacks with this weapon are significantly faster.
   It affects your dexterity (+10).
Armour
 i - a +2 robe of resistance (worn)
Jewellery
 e - an amulet of magic regeneration (around neck)
 j - a ring of positive energy (left hand)
Wands
 q - a wand of scattershot (9/9)
Scrolls
 a - 2 scrolls of recharging
 f - 6 scrolls of identify
 l - 3 scrolls of blinking
 o - a scroll of fear
 r - 2 scrolls of enchant armour
 s - 6 scrolls of remove curse
 t - 2 scrolls of magic mapping
Potions
 b - 3 potions of berserk rage
 g - 3 potions of haste
 m - a potion of resistance
 n - a potion of might
 w - a potion of flight
 z - 2 potions of curing
 A - a potion of heal wounds
Books
 c - a book of Maledictions

   Spells                             Type                      Level
   a - Corona                         Hexes                        1
   b - Ensorcelled Hibernation        Hexes/Ice                    2
   c - Confuse                        Hexes                        3
   d - Tukima's Dance                 Hexes                        3
   e - Dazzling Spray                 Conjuration/Hexes            3
Comestibles
 d - 2 bread rations
 h - 2 royal jellies
 k - 9 fruits


   Skills:
 + Level 3.5 Fighting
 + Level 5.2 Short Blades
 + Level 7.3 Dodging
 + Level 8.5 Stealth
 * Level 8.9 Spellcasting
 + Level 6.9 Hexes
 + Level 3.9 Ice Magic


You had 12 spell levels left.
You knew the following spells:

 Your Spells              Type           Power        Failure   Level  Hunger
a - Corona                Hex            #####..      1%          1    None
b - Ensorcelled Hibernat  Hex/Ice        ####..       1%          2    None
c - Confuse               Hex            #####...     1%          3    None
d - Dazzling Spray        Conj/Hex       ###...       5%          3    None
e - Tukima's Dance        Hex            #####...     1%          3    None
f - Freeze                Ice            ###.         1%          1    None


Dungeon Overview and Level Annotations

Branches:
Dungeon (8/15)             Temple (1/1) D:4            Lair (0/6) D:8

Altars:
Ashenzari
Cheibriados
Dithmenos
Elyvilon
Gozag
Hepliaklqana
Makhleb
Nemelex Xobeh
Okawaru
Qazlal
Ru
Sif Muna
Trog
Uskayaw
Vehumet
Wu Jian
Xom
Zin

Annotations:
D:4 31503's ghost, amateur TrBe


Innate Abilities, Weirdness & Mutations

You are very small and have problems with some larger weapons.
You are too small for most types of armour.
You have supernaturally acute eyesight. (SInv)
You are a herbivore.
You cover ground extremely quickly.
You need consume almost no food.
You often lose your temper in combat.
Your mind is acute. (Int +2)


Message History

The orc warrior hits you with a halberd!
* * * LOW HITPOINT WARNING * * *
Casting: Ensorcelled Hibernation
Confirm with . or Enter, or press ? or * to list all spells.
Aiming: Ensorcelled Hibernation
Press: ? - help, Shift-Dir - straight line, f - orc warrior, p - orc priest
Aim: an orc warrior, wielding a halberd and wearing a chain mail (severely wounded, not susceptible)
The orc warrior is unaffected.
The orc warrior misses you. The orc priest completely misses you.
The orc priest invokes the aid of Beogh against you.
You resist with some effort. The orc warrior completely misses you.
Casting: Ensorcelled Hibernation
Confirm with . or Enter, or press ? or * to list all spells.
Aiming: Confuse
Press: ? - help, Shift-Dir - straight line, f/p - orc warrior
Aim: an orc warrior, wielding a halberd and wearing a chain mail (severely wounded, chance to defeat MR: 64%)
The orc warrior appears confused.
The orc priest invokes the aid of Beogh against you.
Beogh smites you!
You die...

####### ###### #.....#
#....# ......# #....+
......# #.oo.# [...###
####..@.#
.....#####........#
.....#...#.######.### #
.........# #......#.#.
......./.#.###....#.....
.........#........#.)...#
.........#.#####........#
.....)...#######....##...
.....###........<.#......


You could see an orc warrior (confused) and an orc priest.

Vanquished Creatures
  A two-headed ogre (D:8)
  Psyche (D:8)
  Duvessa (D:4)
  2 phantoms (D:6)
  A sky beast (D:8)
  7 ogres
  2 centaurs
  A big kobold (D:7)
  3 bullfrogs
  Dowan (D:4)
  2 scorpions (D:4)
  3 killer bees (D:7)
  A howler monkey (D:5)
  2 bullfrog zombies
  A crimson imp (D:5)
  2 hounds (D:4)
  2 jellies (D:7)
  An orc priest (D:5)
  An orc wizard (D:5)
  Ijyb (D:5)
  3 iguanas
  3 worker ants
  A killer bee zombie (D:6)
  A hound zombie (D:5)
  2 worker ant zombies
  9 adders
  An ooze (D:1)
  2 adder skeletons
  5 worms
  3 dart slugs
  5 leopard geckos
  4 orcs
  3 bats (D:1)
  5 giant cockroaches
  11 goblins
  7 hobgoblins
  7 jackals
  6 quokkas
  2 ball pythons
  8 frilled lizards
  A jackal skeleton (D:4)
  12 kobolds
  A leopard gecko skeleton (D:6)
  A leopard gecko zombie (D:5)
  A quokka skeleton (D:4)
  7 rats
147 creatures vanquished.

Vanquished Creatures (others)
  A dancing weapon (D:5)
  A bat (D:3)
2 creatures vanquished.

Grand Total: 149 creatures vanquished

Notes
Turn   | Place    | Note
-------+----------+-------------------------------------------
     0 | D:1      | JeffiDaFish the Spriggan Enchanter began the quest for the Orb.
     0 | D:1      | Reached XP level 1. HP: 9/9 MP: 5/5
   476 | D:1      | Reached XP level 2. HP: 12/13 MP: 6/6
   480 | D:1      | Learned a level 2 spell: Ensorcelled Hibernation
  1785 | D:2      | Reached XP level 3. HP: 16/16 MP: 5/8
  1868 | D:2      | Learned a level 3 spell: Confuse
  1999 | D:2      | Found a stormy altar of Qazlal.
  2245 | D:2      | Reached skill level 5 in Stealth
  2492 | D:2      | Reached XP level 4. HP: 21/21 MP: 5/10
  2494 | D:2      | Found a faded altar of an unknown god.
  2650 | D:3      | Noticed a bullfrog
  2653 | D:3      | Killed a bullfrog
  2653 | D:3      | Reached skill level 1 in Ice Magic
  2653 | D:3      | Reached XP level 5. HP: 25/25 MP: 10/12
  2658 | D:3      | Learned a level 3 spell: Dazzling Spray
  2662 | D:3      | Learned a level 3 spell: Tukima's Dance
  2864 | D:3      | Found a white marble altar of Elyvilon.
  2894 | D:3      | Found a hide-covered altar of Uskayaw.
  3787 | D:4      | Noticed 31503's ghost (amateur TrBe)
  3929 | D:4      | Noticed an ogre
  3937 | D:4      | Killed an ogre
  3937 | D:4      | Reached skill level 1 in Fighting
  3937 | D:4      | Reached XP level 6. HP: 30/30 MP: 6/14
  4114 | D:4      | Reached skill level 5 in Spellcasting
  4153 | D:4      | Noticed Dowan
  4156 | D:4      | Noticed Duvessa
  4160 | D:4      | Killed Dowan
  4204 | D:4      | Killed Duvessa
  4204 | D:4      | Reached skill level 5 in Hexes
  4204 | D:4      | Reached XP level 7. HP: 12/33 MP: 7/16
  4413 | D:4      | Found a staircase to the Ecumenical Temple.
  4420 | Temple   | Entered the Ecumenical Temple
  4556 | Temple   | Became a worshipper of Vehumet
  4857 | D:4      | HP: 1/33 [poisoned by a scorpion]
  5466 | D:5      | Entered Level 5 of the Dungeon
  5579 | D:5      | Gained mutation: You tend to lose your temper in combat. [potion of mutation]
  5579 | D:5      | Gained mutation: You often lose your temper in combat. [potion of mutation]
  5579 | D:5      | Gained mutation: Your mind is acute. (Int +2) [potion of mutation]
  5693 | D:5      | Reached skill level 5 in Dodging
  5766 | D:5      | Found a deep blue altar of Sif Muna.
  5780 | D:5      | Noticed Ijyb
  5842 | D:5      | Killed Ijyb
  6479 | D:6      | Reached XP level 8. HP: 37/39 MP: 16/18
  6498 | D:6      | HP: 1/39 [ogre/giant club (25)]
  7073 | D:6      | Found a shattered altar of Ashenzari.
  7073 | D:6      | Found a hazy altar of Hepliaklqana.
  7075 | D:6      | Found a shimmering altar of Xom.
  7102 | D:6      | Got a slimy long sword {flame}
  7109 | D:6      | Identified the +9 long sword "Gugelutuq" {flame, rElec} (You took it off a goblin on level 6 of the Dungeon)
  7345 | D:6      | Reached * piety under Vehumet
  7345 | D:6      | Offered knowledge of Freeze by Vehumet.
  7930 | D:7      | Learned a level 1 spell: Freeze
  8103 | D:7      | Found an iron altar of Okawaru.
  8150 | D:7      | Found a snail-covered altar of Cheibriados.
  8261 | D:7      | Reached XP level 9. HP: 43/43 MP: 15/21
  8722 | D:8      | Noticed a two-headed ogre
  8728 | D:8      | Killed a two-headed ogre
  8757 | D:8      | Found a staircase to the Lair.
  8764 | D:8      | Identified the +8 long sword "Lahi" {speed, Dex+10} (You found it on level 8 of the Dungeon)
  8833 | D:8      | Reached skill level 5 in Short Blades
  8883 | D:8      | Noticed Psyche
  8913 | D:8      | Killed Psyche
  9039 | D:8      | Killed from afar by an orc priest

Vault maps used:
D:1:      sevenhm_arrival_forest_fort_large_2, serial_co_window_serial,
          co_window_paths_b, co_window_corner_a, co_window_paths_a,
          co_window_corner_a, co_window_paths_a, co_window_corner_a,
          co_window_paths_a, co_window_broadway_c, co_window_of_opportunity_c,
          co_window_broadway_b, co_window_broadway_a, co_window_corner_b,
          co_window_corner_cb, glass_columns_c, glass_columns_b
D:2:      grunt_qazlal_clouds, chequers_ecumenical_altar_simple
D:3:      kb_forest_paths, eat_drink_and_be_merry_uskayaw, elyvilon_altar_4,
          first_bread, nicolae_underground_beach
D:4:      minmay_temple_entry_purple_smoke, uniq_duvessa
D:5:      lemuel_crystal_altar, uniq_ijyb
D:6:      grunt_temple_overflow_open, minmay_ogre_servants
D:7:      nicolae_overflow_hidden_temple, interstate_on_off
D:8:      kennysheep_windowed_halls, lair_entry_dummy, uniq_psyche,
          uniq_prince_ribbit1
Temple:   nicolae_temple_figure_zero

Skill      XL: |  1  2  3  4  5  6  7  8  9 |
---------------+----------------------------+-----
Hexes          | 4 5 6 |  6.9
Spellcasting   | 3 4 5 6 7 8 |  8.9
Stealth        | 5 6 7 8 |  8.5
Ice Magic      | 1 2 3 |  3.9
Short Blades   | 2 3 4 5 |  5.2
Fighting       | 1 2 3 |  3.5
Dodging        | 4 5 6 7 |  7.3

Action                   |  1- 3 |  4- 6 |  7- 9 || total
-------------------------+-------+-------+-------++-------
Melee: Dagger            |   133 |   109 |     1 ||   243
       Rapier            |       |       |   241 ||   241
       Long sword        |       |       |    15 ||    15
 Cast: Ensorcelled Hiber |    23 |    18 |    57 ||    98
       Confuse           |     2 |    10 |    34 ||    46
       Corona            |     1 |     2 |       ||     3
       Dazzling Spray    |       |       |     6 ||     6
       Tukima's Dance    |       |       |     1 ||     1
       Freeze            |       |       |     4 ||     4
  Use: Potion            |     7 |     3 |     2 ||    12
       Scroll            |     6 |     2 |     7 ||    15
 Stab: Sleeping          |    24 |    18 |    42 ||    84
       Confused          |       |     8 |    15 ||    23
       Invisible         |       |       |     2 ||     2
       Distracted        |       |       |     1 ||     1
  Eat: Fruit             |       |     2 |       ||     2
       Bread ration      |       |     1 |       ||     1
Armor: Robe              |    15 |     4 |    20 ||    39
Dodge: Dodged            |   103 |    62 |   181 ||   346
       Rpst.: Long sword |       |       |     6 ||     6
